PL
NORTHERN VIRGINIA RAINBOW MERMAIDS @ CLEVELAND BROWNS
08/11/2041
 
TOP OF THE 1ST
Northern Virginia Rainbow Mermaids batting - Pitching for Cleveland Browns : RHP Eric Matson
Pitching: RHP Eric Matson
Batting: LHB Scott Kerin 0-0: Ball
1-0: Called Strike
1-1: Ball
2-1: Ball
3-1: Swinging Strike
3-2: Ground out 4-3 (Groundball, 4, EV 83.8 MPH)
Batting: LHB Rylen Roersma 0-0: Called Strike
0-1: Ball
1-1: Ground out 5-3 (Groundball, 5, EV 83.8 MPH)
Batting: RHB Rob Brooks 0-0: Called Strike
0-1: Called Strike
0-2: Strikes out swinging
Top of the 1st over - 0 runs, 0 hits, 0 errors, 0 left on base; Northern Virginia 0 - Cleveland 0
BOTTOM OF THE 1ST
Cleveland Browns batting - Pitching for Northern Virginia Rainbow Mermaids : RHP Jerry Kumpf
Pitching: RHP Jerry Kumpf
Batting: SHB Jhett Larson 0-0: Ball
1-0: Ball
2-0: Ball
3-0: Base on Balls
Batting: LHB León Castillo 0-0: Called Strike
0-1: Ball
1-1: Called Strike
1-2: Ball
2-2: Ball
3-2: Base on Balls
Jhett Larson to second
Batting: LHB Danny Rodríguez 0-0: Foul Ball, location: 2F
0-1: Called Strike
0-2: Ball
1-2: Ball
2-2: DOUBLE (Line Drive, 9LS, EV 101.9 MPH)
Jhett Larson scores
León Castillo to third
Runner from 3rd tries for Home, SAFE, throw by RF to home
Batting: RHB Baldomero Avino 0-0: Ball
1-0: Ball
2-0: Called Strike
2-1: Ball
3-1: Swinging Strike
3-2: Foul Ball, location: 2F
3-2: Base on Balls
Batting: RHB Meester Gobbles-Rooster 0-0: Called Strike
0-1: Foul Ball, location: 2F
0-2: Grounds into double play, 5-4-3 (Groundball, 56, EV 106.2 MPH)
Danny Rodríguez to third
Batting: RHB Tom Camden 0-0: Ball
1-0: Foul Ball, location: 2F
1-1: SINGLE (Groundball, 6MD, EV 102.5 MPH)
Danny Rodríguez scores
Batting: LHB Sadatake Abe 0-0: Called Strike
Tom Camden steals 2nd base
0-1: Foul Ball, location: 2F
0-2: Ground out 6-3 (Groundball, 6, EV 86.9 MPH)
Bottom of the 1st over - 3 runs, 2 hits, 0 errors, 1 left on base; Northern Virginia 0 - Cleveland 3
TOP OF THE 2ND
Northern Virginia Rainbow Mermaids batting - Pitching for Cleveland Browns : RHP Eric Matson
Batting: LHB Ryder Ringor 0-0: Ball
1-0: SINGLE (Line Drive, 6D, EV 93.8 MPH)
Batting: RHB Mario Castillo 0-0: Swinging Strike
0-1: Ball
1-1: Foul Ball, location: 2F
1-2: Strikes out swinging
Batting: LHB Tony Goodwin 0-0: Called Strike
0-1: Swinging Strike
0-2: Ball
1-2: SINGLE (Groundball, 34, EV 108.1 MPH) (infield hit)
Ryder Ringor to second
Batting: RHB Manuel Márquez 0-0: Ball
1-0: Called Strike
1-1: Called Strike
1-2: Ball
2-2: Strikes out swinging
Batting: LHB Jeff Washington 0-0: Ball
1-0: Ball
2-0: Foul Ball, location: 2F
2-1: SINGLE (Flyball, 56D, EV 93.1 MPH)
Ryder Ringor to third
Tony Goodwin to second
Runner from 3rd tries for Home, throw by LF and OUT! 7-2
Top of the 2nd over - 0 runs, 3 hits, 0 errors, 2 left on base; Northern Virginia 0 - Cleveland 3
BOTTOM OF THE 2ND
Cleveland Browns batting - Pitching for Northern Virginia Rainbow Mermaids : RHP Jerry Kumpf
Batting: RHB Chris Walters 0-0: Called Strike
0-1: Ball
1-1: Called Strike
1-2: Ground out 1-3 (Groundball, P, EV 71.9 MPH)
Batting: LHB Luis Aranda 0-0: Called Strike
0-1: Ball
1-1: Ground out U3 (Groundball, 34, EV 90.0 MPH)
Batting: SHB Jhett Larson 0-0: Ball
1-0: Ball
2-0: Swinging Strike
2-1: Called Strike
2-2: DOUBLE (Line Drive, 7LM, EV 106.9 MPH)
Batting: LHB León Castillo 0-0: Called Strike
0-1: Ball
1-1: Ground out 6-3 (Groundball, 6S, EV 80.6 MPH)
Bottom of the 2nd over - 0 runs, 1 hit, 0 errors, 1 left on base; Northern Virginia 0 - Cleveland 3
TOP OF THE 3RD
Northern Virginia Rainbow Mermaids batting - Pitching for Cleveland Browns : RHP Eric Matson
Batting: RHB Woong Byeon 0-0: Ball
1-0: Ball
2-0: Ball
3-0: Base on Balls
Batting: LHB Scott Kerin 0-0: Foul Ball, location: 2F
0-1: Ball
1-1: Foul Ball, location: 2F
1-2: Fly out, F8 (Flyball, 89M, EV 87.5 MPH)
Batting: LHB Rylen Roersma 0-0: Called Strike
0-1: Called Strike
0-2: Ball
1-2: Foul Ball, location: 2F
1-2: Fielders Choice at 2nd, 6-4 (Groundball, 6, EV 100.6 MPH)
Batting: RHB Rob Brooks 0-0: Ball
1-0: Foul Ball, location: 2F
1-1: Ground out 1-3 (Groundball, 34S, EV 83.8 MPH)
Top of the 3rd over - 0 runs, 0 hits, 0 errors, 1 left on base; Northern Virginia 0 - Cleveland 3
BOTTOM OF THE 3RD
Cleveland Browns batting - Pitching for Northern Virginia Rainbow Mermaids : RHP Jerry Kumpf
Batting: LHB Danny Rodríguez 0-0: Called Strike
0-1: Ball
1-1: Ball
2-1: SOLO HOME RUN (Flyball, 8RXD, EV 88.1 MPH), Distance : 413 ft
Batting: RHB Baldomero Avino 0-0: Ball
1-0: SINGLE (Groundball, 6MD, EV 103.1 MPH)
Batting: RHB Meester Gobbles-Rooster 0-0: Called Strike
0-1: Fly out, F3 (Popup, 3SF, EV 72.5 MPH)
Batting: RHB Tom Camden 0-0: Ball
1-0: Ball
2-0: Fly out, F9 (Flyball, 89M, EV 88.1 MPH)
Batting: LHB Sadatake Abe 0-0: Called Strike
0-1: Ball
1-1: Foul Ball, location: 2F
1-2: Ball
2-2: Strikes out swinging
Bottom of the 3rd over - 1 run, 2 hits, 0 errors, 1 left on base; Northern Virginia 0 - Cleveland 4
TOP OF THE 4TH
Northern Virginia Rainbow Mermaids batting - Pitching for Cleveland Browns : RHP Eric Matson
Batting: LHB Ryder Ringor 0-0: Called Strike
0-1: Fly out, F9 (Flyball, 9LS, EV 90.6 MPH)
Batting: RHB Mario Castillo 0-0: Ball
1-0: Called Strike
1-1: Ball
2-1: Called Strike
2-2: Ball
3-2: Foul Ball, location: 2F
3-2: SOLO HOME RUN (Flyball, 78XD, EV 101.2 MPH), Distance : 448 ft
Batting: LHB Tony Goodwin 0-0: Called Strike
0-1: Ball
1-1: DOUBLE (Groundball, 5L, EV 97.5 MPH)
Batting: RHB Manuel Márquez 0-0: Called Strike
Tony Goodwin steals 3rd base
0-1: Ball
1-1: Ball
2-1: Swinging Strike
2-2: Foul Ball, location: 2F
2-2: Fly out, F7 (Flyball, 78M, EV 87.5 MPH)
Runner from 3rd tags up, SCORES, no throw by LF
Batting: LHB Jeff Washington 0-0: Foul Ball, location: 2F
0-1: Called Strike
0-2: Foul Ball, location: 2F
0-2: Ground out 4-3 (Groundball, 4, EV 107.5 MPH)
Top of the 4th over - 2 runs, 2 hits, 0 errors, 0 left on base; Northern Virginia 2 - Cleveland 4
BOTTOM OF THE 4TH
Cleveland Browns batting - Pitching for Northern Virginia Rainbow Mermaids : RHP Jerry Kumpf
Batting: RHB Chris Walters 0-0: Ball
1-0: Swinging Strike
1-1: SINGLE (Groundball, 34D, EV 103.1 MPH)
Batting: LHB Luis Aranda 0-0: Ball
1-0: Called Strike
1-1: Ball
2-1: Ball
3-1: Called Strike
3-2: SINGLE (Flyball, 9LM, EV 96.9 MPH)
Chris Walters to second
Runner from 2nd tries for 3rd, SAFE, throw by RF made to third
Batting: SHB Jhett Larson 0-0: TRIPLE (Line Drive, 8LXD, EV 103.1 MPH)
Chris Walters scores
Luis Aranda scores
Pitching: RHP Eddie Kop
Batting: LHB León Castillo 0-0: Ball
1-0: Ball
2-0: Ball
3-0: Called Strike
3-1: Fly out, F7 (Flyball, 7S, EV 91.2 MPH)
Batting: LHB Danny Rodríguez 0-0: Ball
1-0: Called Strike
1-1: Foul Ball, location: 2F
1-2: Ball
2-2: Fly out, F8 (Flyball, 78M, EV 91.9 MPH)
Runner from 3rd tags up, SCORES, throw by CF
Batting: RHB Baldomero Avino 0-0: Called Strike
0-1: Ball
1-1: SINGLE (Flyball, 8RS, EV 83.1 MPH)
Batting: RHB Meester Gobbles-Rooster 0-0: Ball
1-0: Fly out, F8 (Flyball, 8RM, EV 87.5 MPH)
Bottom of the 4th over - 3 runs, 4 hits, 0 errors, 1 left on base; Northern Virginia 2 - Cleveland 7
TOP OF THE 5TH
Northern Virginia Rainbow Mermaids batting - Pitching for Cleveland Browns : RHP Eric Matson
Batting: RHB Woong Byeon 0-0: Ball
1-0: Called Strike
1-1: Foul Ball, location: 2F
1-2: Ball
2-2: Ground out 4-3 (Groundball, 4, EV 88.1 MPH)
Batting: LHB Scott Kerin 0-0: Ball
1-0: Foul Ball, location: 2F
1-1: Ground out 5-3 (Groundball, 5, EV 103.8 MPH)
Batting: LHB Rylen Roersma 0-0: Ball
1-0: Foul Ball, location: 2F
1-1: Foul Ball, location: 2F
1-2: Foul Ball, location: 2F
1-2: Ball
2-2: Ball
3-2: Ground out 4-3 (Groundball, 4M, EV 110.6 MPH)
Top of the 5th over - 0 runs, 0 hits, 0 errors, 0 left on base; Northern Virginia 2 - Cleveland 7
BOTTOM OF THE 5TH
Cleveland Browns batting - Pitching for Northern Virginia Rainbow Mermaids : RHP Eddie Kop
Batting: RHB Tom Camden 0-0: Ground out 1-3 (Groundball, 15S, EV 67.5 MPH)
Batting: LHB Sadatake Abe 0-0: Ball
1-0: Foul Ball, location: 2F
1-1: Called Strike
1-2: Strikes out looking
Batting: RHB Chris Walters 0-0: Ball
1-0: Called Strike
1-1: Foul Ball, location: 2F
1-2: Foul Ball, location: 2F
1-2: Strikes out swinging, 2-3 out at first.
Bottom of the 5th over - 0 runs, 0 hits, 0 errors, 0 left on base; Northern Virginia 2 - Cleveland 7
TOP OF THE 6TH
Northern Virginia Rainbow Mermaids batting - Pitching for Cleveland Browns : RHP Eric Matson
Batting: RHB Rob Brooks 0-0: SOLO HOME RUN (Flyball, 7D, EV 99.4 MPH), Distance : 390 ft
Batting: LHB Ryder Ringor 0-0: Foul Ball, location: 2F
0-1: Foul Ball, location: 2F
0-2: Hit by Pitch
Batting: RHB Mario Castillo 0-0: Called Strike
0-1: Ball
1-1: Ball
2-1: Hit by Pitch
Ryder Ringor to second
Pinch Runner at 1st Víctor Bojórquez:
Batting: LHB Tony Goodwin 0-0: SINGLE (Groundball, 4MD, EV 100.6 MPH)
Ryder Ringor to third
Víctor Bojórquez to second
Batting: RHB Manuel Márquez 0-0: SINGLE (Line Drive, 7S, EV 106.2 MPH)
Ryder Ringor scores
Víctor Bojórquez to third
Tony Goodwin to second
Batting: LHB Jeff Washington 0-0: Ball
1-0: Ball
2-0: Ball
3-0: Base on Balls
Víctor Bojórquez scores
Tony Goodwin to third
Manuel Márquez to second
Pitching: LHP Sergio Ramírez
Batting: RHB Woong Byeon 0-0: Ball
1-0: Called Strike
1-1: Ball
2-1: DOUBLE (Line Drive, 78D, EV 112.5 MPH)
Tony Goodwin scores
Manuel Márquez scores
Jeff Washington to third
Runner from 3rd tries for Home, SAFE, throw by CF to home
Batting: LHB Scott Kerin 0-0: Ball
1-0: Called Strike
1-1: Called Strike
1-2: Strikes out swinging
Batting: LHB Rylen Roersma 0-0: Called Strike
0-1: Ground out 4-3 (Groundball, 4, EV 85.6 MPH)
Woong Byeon to third
Batting: RHB Rob Brooks 0-0: Called Strike
0-1: Ball
1-1: Ground out 6-3 (Groundball, 6, EV 97.5 MPH)
Top of the 6th over - 6 runs, 4 hits, 0 errors, 1 left on base; Northern Virginia 8 - Cleveland 7
BOTTOM OF THE 6TH
Cleveland Browns batting - Pitching for Northern Virginia Rainbow Mermaids : RHP Eddie Kop
Now at SS: John Juanda
Batting: LHB Luis Aranda 0-0: Ball
1-0: Ball
2-0: Foul Ball, location: 2F
2-1: Ground out 4-3 (Groundball, 4, EV 85.6 MPH)
Batting: SHB Jhett Larson 0-0: Fly out, F9 (Flyball, 9, EV 88.8 MPH)
Batting: LHB León Castillo 0-0: Foul Ball, location: 2F
0-1: Fly out, F7 (Line Drive, 7, EV 98.8 MPH)
Bottom of the 6th over - 0 runs, 0 hits, 0 errors, 0 left on base; Northern Virginia 8 - Cleveland 7
TOP OF THE 7TH
Northern Virginia Rainbow Mermaids batting - Pitching for Cleveland Browns : LHP Sergio Ramírez
Pitching: RHP Juan Vias
Batting: LHB Ryder Ringor 0-0: Ball
1-0: Ball
2-0: SINGLE (Flyball, 7S, EV 93.1 MPH)
Batting: RHB John Juanda 0-0: Ball
1-0: Called Strike
1-1: Foul Ball, location: 2F
1-2: Ball
2-2: Fielders Choice at 2nd, 6-4 (Groundball, 6, EV 90.0 MPH)
Batting: LHB Tony Goodwin 0-0: Ball
1-0: Fly out, F5 (Popup, 5SF, EV 78.8 MPH)
Batting: RHB Manuel Márquez 0-0: Called Strike
0-1: Ball
1-1: Called Strike
1-2: SINGLE (Line Drive, 89S, EV 103.8 MPH)
John Juanda to second
Batting: LHB Jeff Washington 0-0: Foul Ball, location: 2F
0-1: Fielders Choice at 2nd, 5-4 (Groundball, 56, EV 83.1 MPH)
Top of the 7th over - 0 runs, 2 hits, 0 errors, 2 left on base; Northern Virginia 8 - Cleveland 7
BOTTOM OF THE 7TH
Cleveland Browns batting - Pitching for Northern Virginia Rainbow Mermaids : RHP Eddie Kop
Batting: LHB Danny Rodríguez 0-0: Ball
1-0: Ball
2-0: Hit by Pitch
Pitching: RHP Mal Houser
Batting: RHB Baldomero Avino 0-0: Called Strike
0-1: Fly out, F8 (Flyball, 89D, EV 98.8 MPH)
Batting: RHB Meester Gobbles-Rooster 0-0: Called Strike
0-1: Ball
1-1: Ball
2-1: Ball
3-1: Swinging Strike
3-2: Fly out, F7 (Flyball, 7LD, EV 93.8 MPH)
Batting: RHB Tom Camden 0-0: Ball
1-0: Called Strike
1-1: Ball
2-1: Ground out 5-3 (Groundball, 5S, EV 66.2 MPH)
Bottom of the 7th over - 0 runs, 0 hits, 0 errors, 1 left on base; Northern Virginia 8 - Cleveland 7
TOP OF THE 8TH
Northern Virginia Rainbow Mermaids batting - Pitching for Cleveland Browns : RHP Juan Vias
Batting: RHB Woong Byeon 0-0: Ground out 5-3 (Groundball, 56S, EV 81.9 MPH)
Batting: LHB Scott Kerin 0-0: Fly out, F6 (Popup, 6MD, EV 65.6 MPH)
Batting: LHB Rylen Roersma 0-0: Ball
1-0: Foul Ball, location: 2F
1-1: Ground out U3 (Groundball, 34, EV 83.8 MPH)
Top of the 8th over - 0 runs, 0 hits, 0 errors, 0 left on base; Northern Virginia 8 - Cleveland 7
BOTTOM OF THE 8TH
Cleveland Browns batting - Pitching for Northern Virginia Rainbow Mermaids : RHP Mal Houser
Batting: LHB Sadatake Abe 0-0: Ground out 4-3 (Groundball, 4, EV 86.9 MPH)
Batting: RHB Chris Walters 0-0: Ball
1-0: Ground out 6-3 (Groundball, 4MS, EV 81.9 MPH)
Batting: LHB Luis Aranda 0-0: Ball
1-0: Ball
2-0: Ball
3-0: Called Strike
3-1: Called Strike
3-2: Base on Balls
Pitching: RHP Bob Christison
Batting: SHB Jhett Larson 0-0: Ball
1-0: Foul Ball, location: 2F
1-1: Swinging Strike
1-2: Foul Ball, location: 2F
1-2: Ground out 4-3 (Groundball, 34, EV 104.4 MPH)
Bottom of the 8th over - 0 runs, 0 hits, 0 errors, 1 left on base; Northern Virginia 8 - Cleveland 7
TOP OF THE 9TH
Northern Virginia Rainbow Mermaids batting - Pitching for Cleveland Browns : RHP Juan Vias
Batting: RHB Rob Brooks 0-0: Called Strike
0-1: Ball
1-1: Ball
2-1: SOLO HOME RUN (Line Drive, 8RXD, EV 109.4 MPH), Distance : 435 ft
Batting: LHB Ryder Ringor 0-0: Called Strike
0-1: Swinging Strike
0-2: Ball
1-2: Ball
2-2: Strikes out swinging
Batting: RHB John Juanda 0-0: Ball
1-0: Ball
2-0: Foul Ball, location: 2F
2-1: Ball
3-1: Base on Balls
Pitching: LHP Stephen Palmer
Batting: LHB Tony Goodwin 0-0: Ball
1-0: Called Strike
1-1: Ball
2-1: Ball
John Juanda steals 2nd base
3-1: Fly out, F7 (Flyball, 7LM, EV 76.2 MPH)
Batting: RHB Manuel Márquez 0-0: Ball
1-0: Called Strike
1-1: Fly out, F9 (Flyball, 9D, EV 86.2 MPH)
Top of the 9th over - 1 run, 1 hit, 0 errors, 1 left on base; Northern Virginia 9 - Cleveland 7
BOTTOM OF THE 9TH
Cleveland Browns batting - Pitching for Northern Virginia Rainbow Mermaids : RHP Bob Christison
Pitching: RHP Yoriyoshi Sugimoto
Batting: LHB León Castillo 0-0: Ball
1-0: Swinging Strike
1-1: Swinging Strike
1-2: Ball
2-2: Foul Ball, location: 2F
2-2: Foul Ball, location: 2F
2-2: Foul Ball, location: 2F
2-2: Ball
3-2: Foul Ball, location: 2F
3-2: Base on Balls
Batting: LHB Danny Rodríguez 0-0: Ball
1-0: Fly out, F7 (Line Drive, 7, EV 87.5 MPH)
Batting: RHB Baldomero Avino 0-0: Ball
1-0: Ball
2-0: Foul Ball, location: 2F
2-1: Fly out, F6 (Popup, 6, EV 77.5 MPH)
Batting: RHB Meester Gobbles-Rooster 0-0: Ball
1-0: Ground out 4-3 (Groundball, 4, EV 80.6 MPH)
Bottom of the 9th over - 0 runs, 0 hits, 0 errors, 1 left on base; Northern Virginia 9 - Cleveland 7
Tuesday, January 5th, 2021 - OOTP Baseball 20.8 Build 74